 Dungeon Crawl Stone Soup version 0.25.1-2-g60ff931df9 (webtiles) character file.

Game seed: 1751683419721032026

351 Kaptain the Digger (level 6, -4/36 HPs)
             Began as a Gargoyle Earth Elementalist on Sept 9, 2020.
             Shot with an arrow by a centaur (13 damage)
             ... on level 4 of the Dungeon.
             The game lasted 00:09:46 (3278 turns).

Kaptain the Digger (Gargoyle Earth Elementalist)    Turns: 3278, Time: 00:09:46

Health: -4/36      AC:  8    Str: 12    XL:     6   Next: 61%
Magic:  3/11       EV: 15    Int: 17    God:
Gold:   156        SH:  0    Dex: 10    Spells: 3/12 levels left

rFire    . . .     SeeInvis .   a - +1 short sword (venom)
rCold    + . .     Gourm    .   (no shield)
rNeg     + . .     Faith    .   g - +0 leather armour
rPois    ∞         Spirit   .   (no helmet)
rElec    +         Reflect  .   c - +0 cloak
rCorr    .         Harm     .   (no gloves)
MR       .....                  (no boots)
Stlth    ++........             (no amulet)
HPRegen  0.12/turn              j - ring of protection from cold
MPRegen  0.12/turn              r - +4 ring of evasion

@: no status effects
A: negative energy resistance 1, electricity resistance, unbreathing,
petrification resistance, rot immunity, AC +4
a: no special abilities


You were on level 4 of the Dungeon.
You were hungry.

You visited 1 branch of the dungeon, and saw 4 of its levels.

You collected 156 gold pieces.

Inventory:

Hand Weapons
 a - a +1 short sword of venom (weapon)
Missiles
 b - 29 stones (quivered)
Armour
 c - a +0 cloak (worn)
 g - a +0 leather armour (worn)
Jewellery
 j - a ring of protection from cold (left hand)
 r - a +4 ring of evasion (right hand)
Scrolls
 h - 8 scrolls of identify {unknown}
 k - a scroll of enchant weapon {unknown}
 l - a scroll of magic mapping {unknown}
 p - a scroll of teleportation {unknown}
 q - a scroll of immolation {unknown}
 s - 3 scrolls of amnesia {unknown}
Potions
 e - 2 potions of lignification {unknown}
 f - a potion of ambrosia {unknown}
 i - a potion of might {unknown}
 m - a potion of mutation {unknown}
 n - 2 potions of flight {unknown}
 t - 2 potions of degeneration {unknown}
Comestibles
 d - 3 rations
 o - a chunk of flesh


   Skills:
 + Level 2.6 Fighting
 + Level 2.4 Armour
 - Level 1.5 Dodging
 - Level 2.1 Stealth
 * Level 3.8 Spellcasting
 * Level 1.7 Conjurations
   Level 0.7 Transmutations
 * Level 5.4 Earth Magic


You had 3 spell levels left.
You knew the following spells:

 Your Spells              Type           Power        Failure   Level  Hunger
a - Sandblast             Erth           ###...       2%          1    None
b - Stone Arrow           Conj/Erth      ###...       14%         3    ###....
c - Lee's Rapid Deconstr  Erth           ###.......   52%         5    ######.

Your spell library contained the following spells:

 Spells                   Type           Power        Failure   Level  Hunger
 Passwall                 Tmut/Erth      ##......     9%          2    ##.....
 Petrify                  Tmut/Erth      ##......     50%         4    ####...


Dungeon Overview and Level Annotations

Branches:
Dungeon (4/15)
 Temple: D:4-7

Altars:
Cheibriados
Elyvilon
Vehumet
Wu Jian
Yredelemnul
Zin
The Shining One

Annotations:
D:4 Sigmund


Innate Abilities, Weirdness & Mutations

You are resistant to torment.
Your stone body is resilient. (AC +4)
You are immune to poison.
You resist negative energy. (rN+)
You are resistant to electric shocks. (rElec)
You can survive without breathing.
You are immune to petrification.
You are immune to rotting.


Message History

An orc wizard comes into view. It is wielding a +0 dagger.
A centaur comes into view.
The centaur shouts!
The centaur wields a +0 shortbow.
The centaur shoots an arrow.
The arrow hits you! The wight closely misses you.
The centaur shoots an arrow.
The arrow barely misses you.
The centaur shoots an arrow.
The arrow completely misses you.
The orc wizard mumbles some strange words.
The orc wizard blinks!
Sigmund casts a spell at you. The magic dart hits you.
The centaur shoots an arrow.
The arrow hits you.
You see here an arrow.
The centaur shoots an arrow.
The arrow hits you but does no damage.
The centaur shoots an arrow.
The arrow hits you!
* * * LOW HITPOINT WARNING * * *
You see here 2 arrows.
Sigmund's eyes start glowing with a red light.
The centaur shoots an arrow.
The arrow hits you!
You die...

..........####.......####+##
#.#..#+#..####.#.......o...#
#.#..+_+..##...............#
#....#'#..##.#.# #.........#
+.........##.#.# #.........#
#..........#.#.# #.(.......#
#..........#.#.###o(.......#
#.).))........((@.z.........
##..<).....@.cz............#
#######'#.#.#>.......###.##
#_..............# #.#
#....###.......## #.#
#....###........# #.#.
#.............#.# #.#.
#.....#########+# #''.
#.....# .. #.....# ...


You could see Sigmund, a centaur, 2 wights and an orc wizard.

Vanquished Creatures
  2 wights (D:4)
  An orc priest (D:4)
  Jessica (D:3)
  2 orc wizards (D:3)
  6 adders
  2 oozes
  A worm (D:2)
  3 dart slugs
  3 leopard geckos
  3 orcs (D:4)
  6 bats
  5 giant cockroaches
  5 goblins
  13 hobgoblins
  8 jackals
  8 kobolds
  3 quokkas
  2 ball pythons
  5 frilled lizards
  7 rats
86 creatures vanquished.

Notes
Turn   | Place    | Note
-------+----------+-------------------------------------------
     0 | D:1      | Kaptain the Gargoyle Earth Elementalist began the quest for
                  | the Orb.
     0 | D:1      | Reached XP level 1. HP: 10/10 MP: 3/3
   231 | D:1      | Reached XP level 2. HP: 16/16 MP: 0/5
   415 | D:1      | Reached skill level 4 in Earth Magic
   452 | D:1      | Reached XP level 3. HP: 15/20 MP: 1/6
   503 | D:1      | Reached skill level 1 in Armour
   552 | D:1      | Reached skill level 1 in Fighting
   976 | D:2      | Reached XP level 4. HP: 21/25 MP: 5/8
  1424 | D:2      | Found a snail-covered altar of Cheibriados.
  1733 | D:2      | Found a white marble altar of Elyvilon.
  1733 | D:2      | Found a glowing golden altar of the Shining One.
  1733 | D:2      | Found a glowing silver altar of Zin.
  1916 | D:3      | Found a basalt altar of Yredelemnul.
  1919 | D:3      | Reached XP level 5. HP: 30/30 MP: 6/9
  2114 | D:3      | Found a faded altar of an unknown god.
  2383 | D:3      | Noticed Jessica
  2386 | D:3      | Killed Jessica
  2393 | D:3      | Learned a level 3 spell: Stone Arrow
  2399 | D:3      | Learned a level 5 spell: Lee's Rapid Deconstruction
  2853 | D:3      | Reached skill level 5 in Earth Magic
  2944 | D:4      | Found a radiant altar of Vehumet.
  2959 | D:3      | Reached skill level 1 in Conjurations
  2959 | D:3      | Reached XP level 6. HP: 23/36 MP: 3/11
  3220 | D:4      | Found an ornate altar of the Wu Jian Council.
  3258 | D:4      | Noticed Sigmund
  3278 | D:4      | Shot with an arrow by a centaur

Illustrated notes

Levels and vault maps discovered:
D:1:      dpeg_arrival_three_same_balls, layout_rooms
D:2:      layout_loops_ring, good_gods_mini_temple, kennysheep_slug_shrine
D:3:      layout_basic, overflow_temple_1_default,
          chequers_ecumenical_altar_simple, uniq_jessica
D:4:      layout_basic, kennysheep_mini_moat, old_standard_altar,
          lemuel_coloured_pillars_altar, overflow_temple_1_default,
          first_ration, uniq_sigmund, uniq_robin

Skill      XL: |  1  2  3  4  5 |
---------------+----------------+-----
Earth Magic    | 4 5 |  5.4
Armour         | 1 2 |  2.4
Fighting       | 1 2 |  2.6
Spellcasting   | 3 |  3.8
Conjurations   | 1 |  1.7
Dodging        | |  1.5
Stealth        | |  2.1
Transmutations | |  0.7

Action                   |  1- 3 |  4- 6 || total
-------------------------+-------+-------++-------
Melee: Hand axe          |    45 |     4 ||    49
       Falchion          |       |     9 ||     9
       Short sword       |       |     1 ||     1
 Cast: Sandblast         |    38 |    98 ||   136
       Lee's Rapid Decon |       |     1 ||     1
  Eat: Chunk             |     1 |     3 ||     4
       Ration            |       |     1 ||     1
Armor: Leather armour    |    15 |    24 ||    39
Dodge: Dodged            |    46 |    44 ||    90
       Rpst.: Falchion   |       |     7 ||     7
